 Dungeon Crawl Stone Soup version 0.26-a0-834-g69557b85cc (webtiles) character file.

Game seed: 3284938884240843581

86 strifetoe the Cudgeller (level 4, 0/28 HPs)
             Began as a Gargoyle Monk on Nov 16, 2020.
             Slain by a goblin
             ... wielding a +0 dagger
             ... led by Robin
              (3 damage)
             ... on level 2 of the Dungeon.
             The game lasted 00:01:58 (808 turns).

strifetoe the Cudgeller (Gargoyle Monk)              Turns: 808, Time: 00:01:59

Health: 0/28       AC: 11    Str: 12 (15) XL:     4   Next: 49%
Magic:  4/4        EV:  2    Int: 10 (11) God:
Gold:   84         SH:  6    Dex: 11 (12) Spells: 3/3 levels left

rFire    + . .     SeeInvis .   g - +3 short sword
rCold    + . .     Faith    .   f - +0 kite shield
rNeg     + . .     Spirit   .   p - -1 chain mail (curse)
rPois    ∞         Reflect  .   (no helmet)
rElec    +         Harm     .   (no cloak)
rCorr    +         Rampage  .   (no gloves)
MR       .....                  n - +0 pair of boots
Stlth    ..........             (no amulet)
HPRegen  0.09/turn              (no ring)
MPRegen  0.09/turn              (no ring)

@: resistant, attractive, flying
A: negative energy resistance 1, electricity resistance, unbreathing,
petrification resistance, rot immunity, AC +3
a: no special abilities


You were on level 2 of the Dungeon.
You visited 1 branch of the dungeon, and saw 2 of its levels.

You collected 84 gold pieces.

Inventory:

Hand Weapons
 a - a +0 hand axe
 g - a +3 short sword (weapon)
Armour
 b - a +0 robe
 e - a +0 ring mail
 f - a +0 kite shield (worn)
 n - a +0 pair of boots (worn)
 p - a cursed -1 chain mail (worn)
Jewellery
 q - an uncursed amulet of faith {unknown}
Scrolls
 c - a scroll of remove curse {unknown}
 j - 4 scrolls of identify {unknown}
 l - 2 scrolls of blinking {unknown}
 m - a scroll of random uselessness {unknown}
 r - a scroll of teleportation {unknown}
Potions
 d - a potion of resistance
 o - a potion of invisibility {unknown}


   Skills:
 - Level 3.2 Fighting
 - Level 2.6(3.6) Axes
 + Level 4.0(4.4) Maces & Flails
 - Level 2.4 Dodging
 - Level 2.1 Stealth


You had 3 spell levels left.
You didn't know any spells.
Your spell library was empty.

Dungeon Overview and Level Annotations

Branches:
Dungeon (2/15)

Altars:
Uskayaw

Annotations:
D:2 Robin, Terence


Innate Abilities, Weirdness & Mutations

You are resistant to torment.
Your stone body is resilient. (AC +3)
You are immune to poison.
You resist negative energy. (rN+)
You are resistant to electric shocks. (rElec)
You can survive without breathing.
You are immune to petrification.
You are immune to rotting.


Message History

You feel protected. The goblin hits you but does no damage.
The goblin hits you with a +0 dagger.
* * * LOW HITPOINT WARNING * * *
The goblin hits you with a +0 dagger.
* * * LOW HITPOINT WARNING * * *
Unknown command.
It was a potion of attraction.
You feel attractive to monsters.
The goblin no longer looks unusually strong.
The goblin barely misses you. x2; The goblin hits you but does no damage.
It was a potion of degeneration.
There was something very wrong with that liquid.
You feel weakened.
You feel dopey.
You feel clumsy.
Robin says, "My goblins will feast on your bones."
The goblin hits you but does no damage. x3
It was a potion of flight.
You feel very buoyant.
You fly up into the air.
The goblin hits you but does no damage. The goblin hits you with a +0 dagger.
You die...

# #.....# #
####.....#
#
##........#
#
#..##.....#
#
#.###.....#
#######.#
####..#
..##....#
##.##
.###.####
#gg# .# #.#
##@# .###.#
#g#
.....######
#@#
.###......#
#g##
..##.####.#
#g.# .....#
#.# ##.#
###>## ##<#
#.# ###.##
#..# #.##
.##..###.##
#(.# .


You could see Terence, Robin and 4 goblins.

Vanquished Creatures
  Jessica (D:2)
  An adder (D:2)
  3 dart slugs (D:1)
  A ball python (D:1)
  A bat (D:1)
  A giant cockroach (D:1)
  10 goblins
  10 hobgoblins
  3 frilled lizards (D:1)
  5 kobolds (D:1)
  5 rats (D:1)
41 creatures vanquished.

Notes
Turn   | Place    | Note
-------+----------+-------------------------------------------
     0 | D:1      | strifetoe the Gargoyle Monk began the quest for the Orb.
     0 | D:1      | Reached XP level 1. HP: 14/14 MP: 1/1
    26 | D:1      | Reached skill level 1 in Maces & Flails
    40 | D:1      | Reached XP level 2. HP: 15/19 MP: 2/2
   191 | D:1      | Reached skill level 2 in Maces & Flails
   277 | D:1      | Reached XP level 3. HP: 18/23 MP: 3/3
   520 | D:1      | Reached skill level 3 in Maces & Flails
   658 | D:2      | Noticed Jessica
   674 | D:2      | Killed Jessica
   675 | D:2      | Reached XP level 4. HP: 28/28 MP: 4/4
   698 | D:2      | Found a hide-covered altar of Uskayaw.
   760 | D:2      | Noticed Robin
   797 | D:2      | Noticed Terence
   803 | D:2      | Reached skill level 4 in Maces & Flails
   808 | D:2      | Slain by a goblin

Illustrated notes

Levels and vault maps discovered:
D:1:      roderic_chinese_lattice_arrival, layout_rooms
D:2:      layout_rooms, nicolae_overflow_hidden_temple, uniq_robin,
          uniq_jessica, uniq_terence

Skill      XL: |  1  2  3  4 |
---------------+-------------+-----
Maces & Flails | 1 2 3 4 |  4.0
Fighting       | |  3.2
Axes           | |  2.6
Dodging        | |  2.4
Stealth        | |  2.1

Action                   |  1- 3 |  4- 6 || total
-------------------------+-------+-------++-------
Melee: Hand axe          |    17 |       ||    17
       Short sword       |    69 |    36 ||   105
  Use: Potion            |       |     4 ||     4
 Stab: Sleeping          |     1 |       ||     1
Armor: Robe              |     6 |       ||     6
       Ring mail         |    37 |       ||    37
       Chain mail        |     2 |    32 ||    34
Dodge: Dodged            |    41 |     7 ||    48
Block: Kite shield       |    27 |     8 ||    35

Table legend: (Time is in decaauts)
 A = Elapsed time spent in this place.
 B = Non-inter-level travel time spent in this place.
 C = Inter-level travel time spent in this place.
 D = Time resting spent in this place.
 E = Time spent auto-exploring this place.
 F = Levels seen in this place.
 G = Mean time per level.
                   A        B        C        D        E       F      G
               +--------+--------+--------+--------+--------+-----+--------+
         Total |    830 |    814 |     16 |      0 |    502 |   2 |  415.0 |
       Dungeon |    830 |    814 |     16 |      0 |    502 |   2 |  415.0 |
               +--------+--------+--------+--------+--------+-----+--------+

Top non-repeatable levels by time:
     D:1: 621 daAuts
     D:2: 209 daAuts
